[Event "Late-Titled-Tuesday-Blitz-October-03-2023"]
[Site "Chess.com"]
[Date "2023.10.03"]
[Round "7"]
[White "Dhaydon19"]
[Black "pedromartinez91"]
[Result "1/2-1/2"]
[WhiteElo "2741"]
[BlackElo "2572"]
[TimeControl "180+1"]
[EndTime "15:15:25 PDT"]
[Termination "Game drawn - insufficient material"]

1. e4 d5 2. exd5 Qxd5 3. Nc3 Qd8 4. Nf3 g6 5. Bc4 Bg7 6. d4 Nf6 7. h3 O-O 8. O-O Nc6 9. Be3 b6 10. Ne5 Bb7 11. Re1 e6 12. f4 Ne7 13. Bb3 a6 14.
Qe2 Nf5 15. Rad1 Nd5 16. Nxd5 exd5 17. Bf2 Re8 18. Qd3 Nd6 19. Qg3 b5 20. Qf3 Nc8 21.
Nd3 Re4 22. Nc5 Rxe1+ 23. Rxe1 Bc6 24. f5 a5 25. a3 a4 26. Ba2 Nb6 27. fxg6 hxg6 28.
Nd3 Qf6 29. Qg3 Qd6 30. Qxd6 cxd6 31. c3 Bf6 32. Nb4 Bb7 33. Bg3 Rd8 34. Bb1 Nc4 35. Bd3 Bg5 36. Re2 Kf8 37. h4 Bc1 38.
Be1 Nxb2 39. Bxb5 Nc4 40. Bxa4 Bxa3 41. Bc6 Bxc6 42. Nxc6 Rc8 43. Na7 Rb8 44. Nc6 Rb6 45. Nb4 Bxb4 46. cxb4 Na3 47. Ra2 Nb5 48. Ra5 Nxd4 49.
Rxd5 Ne2+ 50. Kf2 Nf4 51. Rd4 Ne6 52. Rd3 Ke7 53. Bd2 Rb5 54. g4 Kd7 55. Kg3 f5 56. g5 Re5 57. Bf4 Nxf4 58. Kxf4 Re4+ 59. Kg3 Rg4+ 60. Kh3 Rxb4 61. Rf3 Ke6 62. Re3+ Re4 63. Ra3 Kd5 64. Ra5+ Kd4 65. Ra4+ Ke3 66. Ra6 Re6 67. h5 gxh5 68. Kh4 f4 69. Kxh5 f3 70. Ra3+ Kf4 71. Ra4+ Kg3 72. Rg4+ Kh3 73. g6 f2 74. Rf4 Kg2 75.
g7 Re8 76. Rf8 Rxf8 77. gxf8=Q f1=Q 78. Qxd6 Qf5+ 79. Kh6 Qh3+ 80. Kg7 Qg3+ 81. Qg6 Qxg6+ 82. Kxg6 1/2-1/2

[Event "Late-Titled-Tuesday-Blitz-October-03-2023"]
[Site "Chess.com"]
[Date "2023.10.03"]
[Round "7"]
[White "Anton_Demchenko"]
[Black "ChadBiryani"]
[Result "1-0"]
[WhiteElo "2901"]
[BlackElo "2503"]
[TimeControl "180+1"]
[EndTime "15:15:29 PDT"]
[Termination "Anton_Demchenko won on time"]

1. e4 c5 2. Nf3 d6 3. d4 cxd4 4. Nxd4 Nf6 5. Nc3 Nc6 6. Bg5 g6 7. Bxf6 exf6 8. Bb5 Bd7 9. Nde2 Be7 10. O-O O-O 11.
Nd5 f5 12. exf5 Bxf5 13. Re1 Bg5 14. Nec3 a6 15. Bf1 Bh6 16. Ne4 Bg7 17. Nxd6 Qxd6 18.
Ne7+ Qxe7 19. Rxe7 Nxe7 20. c3 Rad8 21. Qb3 Rd7 22. Rd1 Rfd8 23. Rxd7 Rxd7 24. h3 Nc6 25. Be2 Be6 26. Qb6 Bxa2 27. f4 Bd5 28. Kf2 Bf8 29.
Bf3 Bxf3 30. Kxf3 Kg7 31. g4 Be7 32. g5 h6 33. h4 hxg5 34. hxg5 f6 35. gxf6+ Bxf6 36.
Kg4 Rf7 37. Qc5 Be7 38. Qd5 Bf8 39. b4 Be7 40. b5 axb5 41. Qxb5 Bf6 42. c4 Nd4 43.
Qd5 Nf5 44. Kf3 Re7 45. c5 Re3+ 46. Kg2 Re7 47. Kf3 Nd4+ 48. Kg4 Nc6 49. Kg3 Rc7 50.
f5 gxf5 51. Qxf5 Re7 52. Qg4+ Kf7 53. Qc4+ Kf8 54. Kg2 Ne5 55. Qb5 Nc6 56. Qb3 Rd7 57. Qe6 Be7 58. Qxd7 Bxc5 59. Qc8+ Kf7 60. Qxb7+ Ne7 61.
Qb3+ Ke8 62. Kf3 Bd6 63. Qa4+ Kf7 64. Ke4 Ke6 65. Qa2+ Kd7 66. Qa7+ Ke6 67. Qb7 Bc5 68.
Qb3+ Kd6 69. Qd1+ Kc6 70. Ke5 Nc8 71. Qd5+ Kb6 72. Ke6 Bd6 73. Kd7 Ne7 74. Qxd6+ Kb7 75. Qxe7 1-0

[Event "Late-Titled-Tuesday-Blitz-October-03-2023"]
[Site "Chess.com"]
[Date "2023.10.03"]
[Round "7"]
[White "filipluczak05"]
[Black "Kosak12"]
[Result "0-1"]
[WhiteElo "2602"]
[BlackElo "2804"]
[TimeControl "180+1"]
[EndTime "15:15:32 PDT"]
[Termination "Kosak12 won by resignation"]

1. d4 Nf6 2. Nc3 d5 3. Bf4 e6 4. e3 a6 5. g4 c5 6. g5 Nfd7 7. h4 Nc6 8. Qd2 b5 9. a3 Nb6 10. h5 cxd4 11. exd4 Bd6 12. h6 g6 13. Nf3 Rb8 14. Rh4 Nc4 15. Bxc4 bxc4 16. Na4 Ne7 17. c3 Nf5 18. Bxd6 Qxd6 19. Rg4 O-O 20. Nc5 a5 21.
Ne5 Qb6 22. Rb1 Qc7 23. Qf4 Qd6 24. Nf3 e5 25. Nxe5 Re8 26. Kf1 Rb6 27. Rg2 Qd8 28.
f3 Qe7 29. Re1 Qb7 30. Ree2 Qb8 31. Qc1 Rd6 32. Qe1 Rdd8 33. Ng4 Rxe2 34. Qxe2 Ng3+ 35. Rxg3 Qxg3 36. Nf6+ Kh8 37. Qe7 Bh3+ 38. Ke2 Qg2+ 39.
Ke3 Qxg5+ 40. f4 Qg1+ 41. Kd2 Qf2+ 42. Kc1 Qf1+ 43. Kd2 Qxf4+ 44. Ke1 Qg3+ 45. Kd2 Qf2+ 46. Kc1 Qf1+ 47. Kd2 Qf2+ 48. Kc1 Rb8 49. Nb7 Qf1+ 50. Kd2 Qf4+ 51. Ke1 Bf5 52. Ne8 Qg3+ 53. Kd2 Qf2+ 54. Kc1 Qf1+ 55. Kd2 Qf2+ 56. Kd1 Bg4+ 57. Kc1 Qf1+ 58.
Kd2 Qd3+ 59. Ke1 Qd1+ 60. Kf2 Qe2+ 61. Qxe2 Bxe2 62. Nbd6 Kg8 63. Nf6+ Kf8 64. Nxh7+ Ke7 65. Ng5 Kxd6 66. h7 Ke7 67. Kxe2 f6 68. Nh3 Rh8 69. Nf4 Kf7 70. Nxd5 Rxh7 71. Nb6 Rh2+ 72. Ke3 Rxb2 73. Nxc4 Rb3 74. Kd3 a4 75. d5 g5 76. Kd4 g4 77.
Ne3 g3 78. c4 Rxa3 79. Nf5 g2 0-1

[Event "Late-Titled-Tuesday-Blitz-October-03-2023"]
[Site "Chess.com"]
[Date "2023.10.03"]
[Round "7"]
[White "Quattroporte300"]
[Black "GlavkonVVS"]
[Result "1-0"]
[WhiteElo "2361"]
[BlackElo "2564"]
[TimeControl "180+1"]
[EndTime "15:15:49 PDT"]
[Termination "Quattroporte300 won by checkmate"]

1. e4 Nf6 2. e5 Nd5 3. d4 d6 4.
exd6 cxd6 5. Nf3 Bg4 6. Bc4 Nf6 7. h3 Bh5 8. O-O e6 9. Re1 Be7 10. Bf4 O-O 11. Nbd2 d5 12. Bd3 Nc6 13. c3 Bd6 14.
Bxd6 Qxd6 15. Qe2 a6 16. g4 Bg6 17. Ne5 b5 18. f4 Bxd3 19. Qxd3 Nd7 20. Ndf3 f6 21.
Nxd7 Qxd7 22. Re2 Rae8 23. Rae1 Re7 24. Re3 Rfe8 25. Qe2 Qd6 26. Qh2 Kf7 27. Qg3 b4 28. Kg2 bxc3 29. bxc3 Rb8 30. R3e2 Rbb7 31. f5 Qxg3+ 32.
Kxg3 exf5 33. gxf5 Rxe2 34. Rxe2 Ne7 35. Kf4 Rc7 36. Rc2 g5+ 37. fxg6+ hxg6 38. Nd2 g5+ 39. Kf3 Nf5 40. Nb3 a5 41. Nc5 Re7 42. Re2 Nh4+ 43. Kf2 Ra7 44. a4 Nf5 45. Re6 Ne7 46. Rd6 Ra8 47.
Nd7 Ng8 48. Nb6 Re8 49. Nxd5 Rc8 50. Ra6 Nh6 51. Rxa5 Nf5 52. Rc5 Ra8 53. a5 Kg6 54. Nb6 Ra7 55. Rb5 Nd6 56. Rd5 Ne4+ 57. Ke3 Nxc3 58. Rc5 Nd1+ 59. Kd2 Nf2 60. Rb5 Nxh3 61. d5 Nf4 62. d6 Kf7 63. d7 Ke7 64. Rc5 Ne6 65.
Rb5 g4 66. Ke3 g3 67. Rh5 g2 68. Kf2 Nf4 69. Rh8 Ne6 70. Kxg2 Rxa5 71. Re8+ Kf7 72.
Rxe6 Ra2+ 73. Kg3 Ra3+ 74. Kh4 Rd3 75. Re4 Rd6 76. Kg4 Rd1 77. Kf4 Rf1+ 78. Ke3 Rd1 79. Rd4 Rxd4 80. Kxd4 Ke7 81. Kd5 Kd8 82. Kd6 f5 83. Nc4 f4 84. Ne5 f3 85. Nc6# 1-0

[Event "Late-Titled-Tuesday-Blitz-October-03-2023"]
[Site "Chess.com"]
[Date "2023.10.03"]
[Round "7"]
[White "GGuseinov"]
[Black "dropstoneDP"]
[Result "1/2-1/2"]
[WhiteElo "2885"]
[BlackElo "3063"]
[TimeControl "180+1"]
[EndTime "15:16:13 PDT"]
[Termination "Game drawn by repetition"]

1. e4 e5 2. Nf3 Nf6 3. d4 Nxe4 4. Bd3 d5 5. Nxe5 Nd7 6. Nxd7 Bxd7 7. O-O Bd6 8. c4 O-O 9. c5 Be7 10. Nc3 Bc6 11. f3 Nxc3 12. bxc3 b6 13. cxb6 axb6 14. Bf4 Bd6 15. Qd2 Ra3 16. Rfc1 Re8 17. Bf1 h6 18. c4 Qf6 19. Bxd6 cxd6 20. Qb2 Rae3 21. Qxb6 Bd7 22. cxd5 h5 23. Qb2 h4 24. h3 Qg5 25.
Kh1 Qg3 26. Qd2 g5 27. a4 f5 28. Rc7 Re1 29. Rxe1 Rxe1 30. Rc1 Rxc1 31. Qxc1 Bxa4 32.
Qc8+ Kg7 33. Qxf5 Qf4 34. Qd3 Be8 35. Kg1 Bf7 36. Qe4 Kf6 37. Bd3 Qc1+ 38. Kh2 Qf4+ 39. Kg1 Qc1+ 40. Kf2 Qd2+ 41. Be2 Qf4 42. Kf1 Qc1+ 43.
Kf2 Qf4 44. Qxf4+ gxf4 45. Bc4 Ke7 46. Ke2 Be8 47. Kd3 Bg6+ 48. Kc3 Kd7 49. Bd3 Bf7 50. Be4 Ke7 51. Kc4 Be8 52. Bf5 Ba4 53. Kd3 Kf6 54.
Bg4 Bb5+ 55. Kc3 Bf1 56. Kb4 Bxg2 57. Kb5 Bf1+ 58. Kc6 Ke7 59. Kc7 Bd3 60. Kb6 Bc4 61.
Be6 Bb3 62. Kb5 Bc2 63. Kb4 Bd1 64. Bg4 Be2 65. Kc3 Ba6 66. Kb4 Bb7 67. Kc4 Ba6+ 68. Kc3 Kf6 69. Kb4 Bb7 70. Kc4 Kg5 71. Be6 Ba6+ 72.
Kb4 Be2 73. Bg4 Kf6 74. Ka5 Bc4 75. Be6 Be2 76. Bg4 Bc4 77. Be6 Ke7 78. Kb4 Be2 79.
Bg4 Bf1 80. Kc3 Ba6 81. Kb4 Bb7 82. Kc4 Kf6 83. Be6 Ba6+ 84. Kc3 Be2 85. Bg4 Kg5 86. Kb4 Bf1 87. Kc3 Kf6 88. Kb4 Bd3 89. Kc3 Bf1 90. Kb4 Bd3 91. Kc3 Bf1 1/2-1/2

[Event "Late-Titled-Tuesday-Blitz-October-03-2023"]
[Site "Chess.com"]
[Date "2023.10.03"]
[Round "7"]
[White "reevecanada"]
[Black "Rodalquilar"]
[Result "0-1"]
[WhiteElo "2570"]
[BlackElo "2738"]
[TimeControl "180+1"]
[EndTime "15:16:15 PDT"]
[Termination "Rodalquilar won by checkmate"]

1. e4 d5 2. exd5 Qxd5 3. Nc3 Qa5 4. d4 Nf6 5. Bf4 Bf5 6. a3 e6 7. Nf3 Bd6 8. Bb5+ Nbd7 9. Bd2 Qb6 10. Qe2 c6 11.
Bc4 O-O 12. O-O-O Qc7 13. Nh4 Bg6 14. Nxg6 hxg6 15. h4 b5 16. Bb3 a5 17. g4 b4 18.
Na4 bxa3 19. h5 axb2+ 20. Kb1 g5 21. Bxg5 Rfb8 22. Bd2 Bf4 23. g5 Nd5 24. g6 N7f6 25. h6 fxg6 26. hxg7 Kxg7 27. Qxe6 Re8 28. Nc5 Rxe6 29.
Nxe6+ Kf7 30. Nxc7 Bxc7 31. c4 Nb4 32. d5 cxd5 33.
cxd5 Bd6 34. Bxb4 axb4 35. Kxb2 Ne4 36. f4 Bxf4 37. Rhf1 g5 38. d6+ Ke8 39. d7+ Kd8 40.
Bd5 Be5+ 41. Kb3 Ra3+ 42. Kxb4 Re3 43. Bxe4 Rxe4+ 44. Kb5 Bf4 45. Rh1 Re5+ 46. Kc4 Re4+ 47. Kb5 Re5+ 48. Kc6 Re6+ 49. Kb7 Be5 50. Rh7 Bf6 51.
Rf7 Be7 52. Rg7 Rf6 53. Rxg5 Rf2 54. Rg8+ Bf8 55. Rg6 Rb2+ 56. Rb6 Rc2 57. Kb8 Rc3 58. Rb7 Be7 59. Rg1 Bd6+ 60. Ka7 Bc5+ 61. Ka6 Bxg1 62. Rb8+ Kxd7 63. Rg8 Ra3+ 64. Kb5 Ra1 65.
Rg7+ Ke6 66. Rg6+ Kd5 67. Rg5+ Ke4 68. Rg4+ Kf3 69. Rg7 Bd4 70. Rf7+ Ke4 71. Kc6 Ra6+ 72. Kb5 Rb6+ 73. Kc4 Rc6+ 74. Kb5 Rc1 75. Re7+ Kd3 76. Rd7 Rb1+ 77. Kc6 Kc4 78. Rc7 Bc5 79. Rb7 Rd1 80.
Rd7 Rg1 81. Rd2 Rg6+ 82. Kb7 Kb5 83. Rb2+ Bb4 84. Rc2 Re6 85. Rc1 Bc5 86. Rb1+ Kc4 87. Rc1+ Kd5 88. Rd1+ Bd4 89. Rc1 Re7+ 90. Rc7 Re8 91.
Rd7+ Kc5 92. Rc7+ Kb5 93. Rd7 Bc5 94. Rc7 Bd6 95. Rd7 Kc5 96. Ka7 Kc6 97. Rb7 Bc5+ 98. Ka6 Ra8+ 99. Ra7 Rxa7# 0-1

[Event "Late-Titled-Tuesday-Blitz-October-03-2023"]
[Site "Chess.com"]
[Date "2023.10.03"]
[Round "7"]
[White "Polish_fighter3000"]
[Black "Hrant_ChessMood"]
[Result "1/2-1/2"]
[WhiteElo "3071"]
[BlackElo "2979"]
[TimeControl "180+1"]
[EndTime "15:16:31 PDT"]
[Termination "Game drawn - insufficient material"]

1. d4 d5 2. Nf3 Nf6 3. Bf4 Bf5 4.
c4 e6 5. e3 c6 6. Nc3 Nbd7 7.
Qb3 Qb6 8. c5 Qxb3 9. axb3 a6 10.
b4 Rc8 11. h3 Ne4 12. Be2 Be7 13. g4 Bg6 14. Nd2 Nxd2 15. Kxd2 h5 16. f3 Bf6 17. g5 e5 18. gxf6 exf4 19. fxg7 fxe3+ 20. Kxe3 Rg8 21. Rhg1 Rxg7 22. Kf4 Nf8 23. h4 Ne6+ 24. Ke3 Kf8 25.
Rad1 Re8 26. Kf2 Nf4 27. Bf1 Bf5 28. Rxg7 Kxg7 29. Kg3 Ne6 30. Ne2 Kf6 31. Kf2 Rg8 32. Rd2 Ra8 33. Nc1 a5 34. b5 a4 35. b6 a3 36.
bxa3 Rxa3 37. Ne2 Bd3 38. Ng1 Bf5 39. Bh3 Bxh3 40. Nxh3 Ra4 41. Ke3 Kf5 42. Ng1 Ra3+ 43.
Kf2 Rb3 44. Ne2 Rb4 45. Ng3+ Kg6 46. Ke3 f5 47. Ne2 Kf6 48. Ra2 f4+ 49. Kd3 Rb3+ 50.
Nc3 Rb4 51. Ra4 Rxa4 52. Nxa4 Ng7 53. Nc3 Ke6 54. Ne2 Kf5 55. Nc3 Ke6 56. Ne2 Kf5 57.
Nc1 Ne6 58. Nb3 Nd8 59. Na5 Ke6 60. Kc3 Kd7 61. Nb3 Ne6 62. Nc1 Ng7 63. Nd3 Ne6 64.
Ne5+ Kc8 65. Ng6 Kd8 66. Kd3 Kc8 67. Ne5 Ng7 68. Nf7 Nf5 69. Ng5 Nxh4 70. Ne6 Ng6 71.
Ke2 Kd7 72. Ng5 Nh4 73. Nh3 Ng6 74. Kf2 Ke7 75. Kg2 Kf6 76. Nf2 Ne7 77. Nd3 Nf5 78.
Nxf4 Nxd4 79. Nxh5+ Ke7 80. Ng7 Nb3 81. Nf5+ Kd7 82. f4 Nxc5 83. Kf3 Na4 84. Ng7 Nxb6 85. f5 Nc4 86. Kf4 b5 87. f6 Nd6 88. Ke5 b4 89.
Ne6 Nf7+ 90. Kf5 b3 91. Nc5+ Kd6 92. Nxb3 c5 93. Na5 c4 94. Nb7+ Kc6 95. Na5+ Kb5 96. Ke6 Kxa5 97. Kxf7 c3 98. Ke6 c2 99. f7 c1=Q 100.
f8=Q d4 101. Qd8+ Kb5 102. Qb8+ Ka4 103. Qa7+ Kb3 104. Qxd4 Qc4+ 105. Qd5 Qxd5+ 106. Kxd5 1/2-1/2

[Event "Late-Titled-Tuesday-Blitz-October-03-2023"]
[Site "Chess.com"]
[Date "2023.10.03"]
[Round "7"]
[White "Jospem"]
[Black "Harsha_Bharathakoti"]
[Result "1-0"]
[WhiteElo "3050"]
[BlackElo "2916"]
[TimeControl "180+1"]
[EndTime "15:16:34 PDT"]
[Termination "Jospem won by checkmate"]

1. e4 c5 2. Nf3 Nc6 3. c3 Nf6 4. Bd3 d6 5. h3 e5 6. Bc2 Be7 7. O-O O-O 8. d3 h6 9. Nbd2 Be6 10. Re1 Re8 11. Bb3 Bf8 12. Bxe6 Rxe6 13. Nc4 d5 14. Ncd2 Qd7 15. Qe2 Rd8 16. Nf1 d4 17. c4 g6 18. g4 a6 19. Ng3 b5 20. b3 bxc4 21. bxc4 Rb8 22. Kh2 Nh7 23. Rg1 Kh8 24. Bd2 Rb2 25.
Rgb1 Qb7 26. Qd1 Re8 27. Rxb2 Qxb2 28. Rb1 Qxa2 29. Ra1 Qb2 30. Rxa6 Nb4 31. Rb6 Qa2 32. Ne1 Ng5 33. Kg2 Ne6 34. Ne2 Ra8 35. Rb7 Kg8 36.
Bxb4 cxb4 37. Nf3 Nc5 38. Rb5 Qb2 39. Nc1 Ra1 40. Nxe5 Qxc1 41. Qxc1 Rxc1 42. Rxb4 Ne6 43. Rb8 Kg7 44. Rb7 Nf4+ 45. Kf3 Nxh3 46. Nxf7 Kg8 47. Ne5 Ng5+ 48. Ke2 Rc2+ 49. Kf1 Bd6 50. Nd7 Nh3 51. e5 Rxf2+ 52. Ke1 Be7 53. c5 Bh4 54. Kd1 Nf4 55. c6 Nd5 56. c7 Nxc7 57. Rxc7 Bg5 58. Nc5 h5 59. gxh5 gxh5 60. Ne4 Rf5 61. e6 Kf8 62. Rh7 Be7 63. Kc2 Re5 64. Kb3 Rxe6 65. Rxh5 Rc6 66. Rd5 Bf6 67. Rf5 Ke7 68. Rf1 Be5 69. Re1 Ke6 70.
Rh1 Kd5 71. Rh7 Rb6+ 72. Kc2 Rc6+ 73. Kd2 Bf4+ 74. Ke2 Rc2+ 75. Kf3 Be3 76. Rh5+ Ke6 77. Nc5+ Kd6 78. Ne4+ Ke6 79. Ra5 Rc1 80. Rb5 Rf1+ 81. Ke2 Rh1 82. Nc5+ Kd6 83. Ne4+ Ke6 84. Ra5 Rh2+ 85.
Kf3 Rh1 86. Ra6+ Ke5 87. Ng3 Rh2 88. Ra5+ Ke6 89. Rb5 Kd6 90. Nf5+ Kc6 91. Ra5 Rh3+ 92. Ke4 Rh1 93. Ra6+ Kb5 94. Ra8 Kc6 95. Rc8+ Kd7 96.
Rc5 Rg1 97. Kd5 Rg5 98. Ke5 Rh5 99. Ra5 Kc6 100. Ra6+ Kd7 101. Ke4 Kc7 102. Rg6 Kd7 103. Rf6 Kc7 104. Kd5 Kd7 105. Rf7+ Ke8 106. Ke6 Rg5 107. Nd6+ Kd8 108. Rd7# 1-0

[Event "Late-Titled-Tuesday-Blitz-October-03-2023"]
[Site "Chess.com"]
[Date "2023.10.03"]
[Round "7"]
[White "mishanick"]
[Black "ArtemDyachuk"]
[Result "1-0"]
[WhiteElo "3006"]
[BlackElo "2689"]
[TimeControl "180+1"]
[EndTime "15:16:51 PDT"]
[Termination "mishanick won by checkmate"]

1. d4 Nf6 2. c4 e6 3. Nc3 c5 4.
d5 exd5 5. cxd5 d6 6. e4 g6 7. Nf3 Bg7 8. Be2 O-O 9. Be3 Re8 10. Nd2 Na6 11. O-O Nc7 12. Bf4 h6 13. h3 Rb8 14.
a4 b6 15. Bh2 a6 16. Nc4 Nxe4 17. Nxe4 Rxe4 18. Nxd6 Rd4 19. Qc2 Nxd5 20. Rad1 Be6 21. Bxa6 Nb4 22. Qe2 Nxa6 23. Qxa6 Ra8 24. Qb7 Bd5 25.
Qxd5 Rxd5 26. Rxd5 Rxa4 27. Re1 Kh7 28. Bg3 Rd4 29.
Rxd4 cxd4 30. Nxf7 Qd5 31. Nd6 d3 32. Rd1 Qb3 33.
Rd2 Bf8 34. Kh2 Qd5 35. Ne8 Qe6 36. Nc7 Qe2 37. Rxe2 dxe2 38. f4 Bb4 39. Nd5 Bd2 40.
Bf2 b5 41. g3 Kg7 42. Kg2 b4 43. Kf3 e1=Q 44. Bxe1 Bxe1 45. g4 Kf7 46. Ke2 Bg3 47.
Ke3 Be1 48. Ke4 Ke6 49. Ne3 Bd2 50. Nc4 Be1 51. b3 Bc3 52. Ne3 Be1 53. Nd5 Kf7 54.
Ke5 Bc3+ 55. Kd6 Bd2 56. Kc5 Ke6 57. Kd4 Kd6 58. Ke4 Ke6 59. Ne3 Kf6 60. Nc4 Bc3 61. Nb6 Be1 62. Nd5+ Ke6 63. f5+ gxf5+ 64. gxf5+ Kf7 65. Kf3 Bd2 66. Kg4 Be1 67. Kh5 Bd2 68. h4 Be1 69. Kg4 Bd2 70. Kg3 Be1+ 71. Kg4 Bd2 72.
h5 Be1 73. Kf3 Bd2 74. Ke4 Be1 75. Kd3 Kg7 76. Ke2 Bh4 77. Kd3 Be1 78. Kd4 Kf7 79. Ke5 Bc3+ 80. Kd6 Be1 81. Kc6 Bd2 82. Kc5 Be1 83.
Kc4 Bd2 84. Kd3 Be1 85. Ke2 Bh4 86. Kf3 Be1 87. Ke3 Bh4 88. Ke2 Bg5 89. Kd3 Bh4 90.
Nxb4 Kf6 91. Ke4 Kg5 92. Nd3 Kxh5 93. b4 Bd8 94. Kf4 Bc7+ 95. Ne5 Kh4 96. f6 Kh5 97. b5 Bd6 98. Kf5 Kh4 99. f7 Kg3 100. b6 h5 101. b7 h4 102. b8=Q Bxb8 103. f8=Q Bxe5 104. Qg8+ Kf2 105. Kxe5 h3 106. Qf7+ Kg2 107. Qg6+ Kf2 108. Qf5+ Kg2 109. Qg4+ Kh2 110. Kf4 Kh1 111. Qe2 Kg1 112. Kg3 h2 113. Qe1# 1-0

[Event "Late-Titled-Tuesday-Blitz-October-03-2023"]
[Site "Chess.com"]
[Date "2023.10.03"]
[Round "8"]
[White "Chempiblinka"]
[Black "PNEPaul"]
[Result "1-0"]
[WhiteElo "2302"]
[BlackElo "1964"]
[TimeControl "180+1"]
[EndTime "15:20:24 PDT"]
[Termination "Chempiblinka won by resignation"]

1. Nf3 a6 2. g3 d6 3. Bg2 g6 4.
O-O Bg7 5. d4 h6 6. c4 Nd7 7. e4 e6 8. Nc3 Ne7 9. Be3 O-O 10. Qd2 Kh7 11. Rad1 Nf6 12. e5 Ng4 13. exd6 cxd6 14. Bf4 g5 15. Qc2+ f5 16. Bc1 Qe8 17. h4 Qg6 18. hxg5 hxg5 19. Bxg5 Rf7 20. Ne2 Qh5 21.
Nf4 1-0

[Event "Late-Titled-Tuesday-Blitz-October-03-2023"]
[Site "Chess.com"]
[Date "2023.10.03"]
[Round "8"]
[White "GMForgacs"]
[Black "tdf98pantani"]
[Result "0-1"]
[WhiteElo "2468"]
[BlackElo "2700"]
[TimeControl "180+1"]
[EndTime "15:20:42 PDT"]
[Termination "tdf98pantani won by checkmate"]

1. e4 c5 2. Nf3 e6 3. d4 cxd4 4.
Nxd4 a6 5. c4 Nf6 6. Nc3 Bd6 7.
Be3 Bc7 8. f3 b6 9. Be2 Bb7 10.
O-O O-O 11. Qd2 d6 12. Rfd1 Nbd7 13. Rac1 Qe7 14. b4 Rac8 15. Nb3 Rfe8 16. a3 d5 17. cxd5 exd5 18. Bg5 dxe4 19. fxe4 Qe5 20. g3 Nxe4 21. Nxe4 Qxe4 22. Bc4 Qh1+ 23. Kf2 Qg2# 0-1

[Event "Late-Titled-Tuesday-Blitz-October-03-2023"]
[Site "Chess.com"]
[Date "2023.10.03"]
[Round "8"]
[White "Aleksandar-Topalov"]
[Black "Bauman_Guy"]
[Result "0-1"]
[WhiteElo "2439"]
[BlackElo "2855"]
[TimeControl "180+1"]
[EndTime "15:21:04 PDT"]
[Termination "Bauman_Guy won by resignation"]

1. b3 g6 2. Bb2 Nf6 3. Bxf6 exf6 4. c4 Bg7 5. Nc3 f5 6. e3 O-O 7. Nge2 Nc6 8. d4 Re8 9. g3 f4 10. gxf4 Qh4 11. Nd5 d6 12. Nxc7 Rxe3 13. Qd2 Nxd4 14. O-O-O Nxe2+ 15. Bxe2 Qf6 16. fxe3 Qa1+ 17. Kc2 Bf5+ 18.
e4 Bxe4+ 0-1

[Event "Late-Titled-Tuesday-Blitz-October-03-2023"]
[Site "Chess.com"]
[Date "2023.10.03"]
[Round "8"]
[White "Korchmar_Vasiliy"]
[Black "GGuseinov"]
[Result "1-0"]
[WhiteElo "2726"]
[BlackElo "2868"]
[TimeControl "180+1"]
[EndTime "15:21:07 PDT"]
[Termination "Korchmar_Vasiliy won by resignation"]

1. e4 c5 2. d4 cxd4 3. Qxd4 Nc6 4. Qd3 d6 5. Nc3 g6 6. Nf3 Bg7 7. Be2 Nf6 8. O-O O-O 9. Nd5 Nxd5 10. exd5 Bf5 11. Qd1 Nb4 12. c3 Nc2 13. g4 Nxa1 14. gxf5 Qd7 15. Bd3 gxf5 16. Bg5 e5 17. dxe6 fxe6 18.
Qxa1 e5 19. Bc4+ Kh8 20. Qd1 f4 21. Bd5 Bf6 22. Kh1 Qf5 23. Rg1 e4 24. Nh4 Qh3 25. Qh5 1-0

[Event "Late-Titled-Tuesday-Blitz-October-03-2023"]
[Site "Chess.com"]
[Date "2023.10.03"]
[Round "8"]
[White "szachmistrz2500"]
[Black "jaskol95"]
[Result "1-0"]
[WhiteElo "2440"]
[BlackElo "2606"]
[TimeControl "180+1"]
[EndTime "15:21:15 PDT"]
[Termination "szachmistrz2500 won by resignation"]

1. Nf3 d5 2. g3 Nd7 3. Bg2 e5 4. d3 Ngf6 5. O-O Bd6 6. Nbd2 O-O 7. e4 c6 8. c3 Re8 9. Re1 Nf8 10. Qe2 Bg4 11. h3 Bxf3 12. Nxf3 h6 13. Bd2 Ng6 14. Rad1 Qa5 15. a3 Qb6 16. Bc1 Rad8 17. Nh2 Qb3 18. Ng4 Nxg4 19. Qxg4 Bc5 20. h4 Kh8 21. h5 Nf8 22.
exd5 cxd5 23. d4 exd4 24. Rxe8 Rxe8 25. cxd4 Be7 26. Qf3 Bf6 27. Qxb3 1-0

[Event "Late-Titled-Tuesday-Blitz-October-03-2023"]
[Site "Chess.com"]
[Date "2023.10.03"]
[Round "8"]
[White "Rutricks"]
[Black "maksimys18"]
[Result "1-0"]
[WhiteElo "2692"]
[BlackElo "2521"]
[TimeControl "180+1"]
[EndTime "15:21:21 PDT"]
[Termination "Rutricks won by checkmate"]

1. g4 e6 2. Bg2 d5 3. c3 c5 4.
e4 Nc6 5. exd5 exd5 6. h3 Nf6 7.
d4 cxd4 8. cxd4 Bd6 9. Nf3 O-O 10.
O-O h5 11. g5 Ne4 12. Nc3 Nxc3 13. bxc3 g6 14. Ne1 Bc7 15. Nd3 Bf5 16. Bf4 Bxd3 17. Bxc7 Qxc7 18. Qxd3 Qf4 19. Qe3 Qxe3 20. fxe3 Rfe8 21.
Bxd5 Rxe3 22. Rxf7 Kh8 23. Rxb7 Rc8 24. Rf1 Ne7 25. c4 Nf5 26. Rxf5 gxf5 27. Kf2 f4 28. g6 Rg3 29. Rh7# 1-0

[Event "Late-Titled-Tuesday-Blitz-October-03-2023"]
[Site "Chess.com"]
[Date "2023.10.03"]
[Round "8"]
[White "ArtemDyachuk"]
[Black "valemava"]
[Result "1-0"]
[WhiteElo "2691"]
[BlackElo "2324"]
[TimeControl "180+1"]
[EndTime "15:21:36 PDT"]
[Termination "ArtemDyachuk won by resignation"]

1. e4 c5 2. Nf3 Qa5 3. Nc3 a6 4. d4 b5 5. Bd2 b4 6. Nd5 cxd4 7. Bxb4 Qd8 8. Bc5 e6 9. Bb6 exd5 10. Bxd8 Kxd8 11.
Qxd4 dxe4 12. Ne5 Nf6 13. Nxf7+ Ke7 14. Nxh8 Nc6 15. Qc5+ Ke8 16. Qg5 d5 17. Be2 Be6 18.
Bh5+ Kd7 19. Bf7 Nd4 20. Bxe6+ Nxe6 21. Qf5 Be7 22. Nf7 g6 23. Ne5+ Kd6 24. Nf7+ Kd7 25. Qh3 Nh5 26. Qb3 Nc7 27. O-O-O Ke6 28. Qb7 Rf8 29.
Qxc7 Rxf7 30. Qc6+ Kf5 31. Rxd5+ Kg4 32. Qe6+ Rf5 33. Rxf5 1-0

[Event "Late-Titled-Tuesday-Blitz-October-03-2023"]
[Site "Chess.com"]
[Date "2023.10.03"]
[Round "8"]
[White "AsaHoffmann"]
[Black "Elbebiber"]
[Result "1-0"]
[WhiteElo "2366"]
[BlackElo "2150"]
[TimeControl "180+1"]
[EndTime "15:21:42 PDT"]
[Termination "AsaHoffmann won by resignation"]

1. d4 Nf6 2. Bg5 e6 3. Nd2 d5 4. e3 Be7 5. Bd3 h6 6. Bh4 c5 7. c3 Nc6 8. f4 cxd4 9. exd4 a6 10.
Ngf3 b5 11. O-O O-O 12. Ne5 Bb7 13. Qf3 Na5 14. Rae1 Nc4 15. Bxc4 bxc4 16. Nexc4 Qc7 17. Ne5 Ne4 18. Nxe4 dxe4 19. Qh3 Bxh4 20. Qxh4 Bd5 21. a3 Rab8 22. Rf2 Rfc8 23. Qh5 Rf8 24. Re3 Qd8 25. Rg3 Qf6 26. Ng4 Qg6 27. Nxh6+ Qxh6 28. Qxh6 1-0

[Event "Late-Titled-Tuesday-Blitz-October-03-2023"]
[Site "Chess.com"]
[Date "2023.10.03"]
[Round "8"]
[White "angryspacevoid"]
[Black "I_am_Javi"]
[Result "0-1"]
[WhiteElo "2542"]
[BlackElo "2748"]
[TimeControl "180+1"]
[EndTime "15:21:46 PDT"]
[Termination "I_am_Javi won by resignation"]

1. e4 e5 2. Nf3 Nc6 3. d4 exd4 4. Nxd4 g6 5. Nc3 Bg7 6. Be3 Nge7 7. h4 O-O 8. Bc4 Ne5 9. Bb3 c5 10. Nf3 c4 11.
Nxe5 cxb3 12. Nc4 bxc2 13. Qxc2 d5 14. Rd1 d4 15. Nb5 Nc6 16. h5 a6 17. Nba3 b5 18.
hxg6 hxg6 19. Nd2 Nb4 20. Qb3 dxe3 21. Qxe3 Nd3+ 22. Kf1 Nxb2 23. Rc1 Qd3+ 0-1

[Event "Late-Titled-Tuesday-Blitz-October-03-2023"]
[Site "Chess.com"]
[Date "2023.10.03"]
[Round "8"]
[White "KamilGrycel"]
[Black "reevecanada"]
[Result "0-1"]
[WhiteElo "2471"]
[BlackElo "2576"]
[TimeControl "180+1"]
[EndTime "15:21:53 PDT"]
[Termination "reevecanada won by resignation"]

1. d4 Nf6 2. Nf3 g6 3. Bf4 Bg7 4. e3 O-O 5. h3 d5 6. Nbd2 c5 7. c3 Nbd7 8. Be2 a6 9. O-O b6 10. a4 Bb7 11. Ne5 Nxe5 12. Bxe5 Nd7 13. Bxg7 Kxg7 14.
f4 e6 15. Nf3 f6 16. b4 c4 17.
e4 dxe4 18. Nd2 b5 19. Qc2 f5 20. Rfd1 Nb6 21. a5 Nd5 22. Nf1 Nxf4 23. Qd2 Nd5 24. Re1 h6 25. Bd1 Qg5 26. Qf2 Nxc3 27. Bc2 Nd5 28. Ne3 Nxb4 29. Bb1 Nd5 30. Nxd5 exd5 31. Ra3 Qf6 32. Rg3 Kh7 33. Qf4 Qxd4+ 34. Kh2 Qf6 35.
h4 d4 36. h5 g5 37. Qc7+ Rf7 38. Qc5 Rc8 39. Qa7 Bd5 40. Qb6 Qxb6 41. axb6 Rb8 0-1

[Event "Late-Titled-Tuesday-Blitz-October-03-2023"]
[Site "Chess.com"]
[Date "2023.10.03"]
[Round "8"]
[White "shirovin"]
[Black "acertijo08"]
[Result "0-1"]
[WhiteElo "2075"]
[BlackElo "2338"]
[TimeControl "180+1"]
[EndTime "15:21:56 PDT"]
[Termination "acertijo08 won by resignation"]

1. e4 c5 2. Nf3 d6 3. d4 cxd4 4.
Nxd4 Nf6 5. Nc3 Nc6 6. Bg5 e6 7. Qd2 Be7 8. O-O-O O-O 9. Nb3 a6 10. f3 b5 11. h4 Qc7 12. g4 b4 13. Ne2 a5 14. Be3 a4 15. Nbd4 Ba6 16. Nxc6 Qxc6 17. Nd4 Qc7 18. Bxa6 Rxa6 19. g5 Nd7 20. h5 b3 21. Kb1 Ne5 22. cxb3 axb3 23. a3 d5 24. exd5 Nc4 25. Qc3 Bxa3 26. Nb5 Qc8 27. bxa3 Nxe3 28. Qxe3 Qc2+ 0-1